 Dungeon Crawl Stone Soup version 0.26.1-11-gd32895ea62 (webtiles) character file.

Game seed: 6394229084873297289

408 phalm the Vandal (level 7, -1/46 HPs)
             Began as a Halfling Hunter on May 5, 2021.
             Was an Initiate of Okawaru.
             Slain by an orc wizard
             ... wielding a cursed -1 dagger
              (6 damage)
             ... on level 4 of the Dungeon.
             The game lasted 00:08:53 (3163 turns).

phalm the Vandal (Halfling Hunter)                  Turns: 3163, Time: 00:08:54

Health: -1/46      AC:  5    Str: 15    XL:     7   Next: 13%
Magic:  7/7        EV: 16    Int:  9    God:    Okawaru [......]
Gold:   229        SH:  5    Dex: 15    Spells: 6/6 levels left

rFire    + . .     SeeInvis .   b - +0 short sword
rCold    . . .     Faith    .   (shield restricted)
rNeg     . . .     Spirit   .   c - +0 leather armour
rPois    +         Reflect  +   (no helmet)
rElec    .         Harm     .   i - +0 cloak
rCorr    .         Rampage  .   k - +0 pair of gloves
Will     .....                  (no boots)
Stlth    ++........             g - amulet of reflection
HPRegen  0.15/turn              P - ring of poison resistance
MPRegen  0.10/turn              F - ring of protection from fire

@: invisible
A: small, mutation resistance 1
a: Renounce Religion


You were on level 4 of the Dungeon.
You worshipped Okawaru.
Okawaru was noncommittal.
You visited 2 branches of the dungeon, and saw 5 of its levels.

You collected 229 gold pieces.


Innate Abilities, Weirdness & Mutations

You are small and have problems with some larger weapons.
You are somewhat resistant to further mutation.


   Skills:
 + Level 3.2 Fighting
 + Level 3.2 Short Blades
 + Level 7.2 Slings
 + Level 2.9 Armour
 + Level 3.9 Dodging
 - Level 1.1 Stealth
 + Level 1.1 Invocations


You had 6 spell levels left.
You didn't know any spells.
Your spell library contained the following spells:

 Spells                   Type           Power        Failure   Level
 Confusing Touch          Hex            0%           83%         3
 Gell's Gravitas          Tloc           0%           83%         3
 Petrify                  Tmut/Erth      0%           99%         4
 Metabolic Englaciation   Hex/Ice        0%           100%        5
 Yara's Violent Unravell  Hex/Tmut       0%           100%        5

Inventory:

Hand Weapons
 a - a +1 hunting sling
 b - a +0 short sword (weapon)
Missiles
 d - 15 sling bullets
 o - 127 stones
 q - 6 poisoned darts (quivered)
Armour
 c - a +0 leather armour (worn)
 i - a +0 cloak (worn)
   (You found it on level 1 of the Dungeon)
 k - a +0 pair of gloves (worn)
   (You found it on level 1 of the Dungeon)
Jewellery
 f - an uncursed ring of fire
   (You found it on level 4 of the Dungeon)
 g - an amulet of reflection (around neck)
   (You found it on level 1 of the Dungeon)
 z - an uncursed ring of wizardry
   (You found it on level 3 of the Dungeon)
 F - a ring of protection from fire (right hand)
   (You found it on level 1 of the Dungeon)
 O - a +4 ring of protection
   (You found it on level 4 of the Dungeon)
 P - a ring of poison resistance (left hand)
   (You found it on level 2 of the Dungeon)
 Z - an uncursed ring of wizardry
   (You found it on level 1 of the Dungeon)
Scrolls
 e - 2 scrolls of fear
 h - 2 scrolls of remove curse {@r2}
 l - 2 scrolls of magic mapping {!r}
 m - a scroll of random uselessness {unknown}
 n - a scroll of fog {unknown}
 p - 2 scrolls of noise {unknown}
 u - a scroll of teleportation {@r4}
 w - a scroll of enchant weapon {unknown}
Potions
 r - 2 potions of flight {unknown}
 s - a potion of curing {@q1}
 t - a potion of might {unknown}
 v - a potion of heal wounds {unknown}

Dungeon Overview and Level Annotations

Branches:
Dungeon (4/15)             Temple (1/1) D:4

Altars:
Ashenzari
Cheibriados
Dithmenos
Elyvilon
Fedhas
Gozag
Hepliaklqana
Kikubaaqudgha
Makhleb
Nemelex Xobeh
Okawaru
Qazlal
Ru
Sif Muna
Uskayaw
Vehumet
Wu Jian
Xom
Yredelemnul
Zin
The Shining One

####### ...... ...#
######. #.##.((.(.(
#..()(((# #@##)##.#
#.#####.##.#
...........#
..#####.#### ..
#.#####.# #.#
#.......#
#...##.####### .##
###....#######.....
#.>..............#


There were no monsters in sight!


Message History

The orc priest looks more healthy.
You block the adder's attack.
You feel better.
The orc priest begins to cast a cantrip, but forgets the words!
The adder barely misses you. 😨 HP[+6]
You regained 6 hp, and now have 20/42 hp.
Fire: 22 sling bullets
Press: ? - help, Q - select action, (/) - cycle Shift-Dir - straight line, f/p - orc priest
Aim: an orc priest (severely wounded, 64% to hit)
You shoot a sling bullet.
The sling bullet barely misses the adder.
The sling bullet hits the orc priest.
You kill the orc priest!
Okawaru accepts your kill. The adder bites you but does no damage.
Your Short Blades skill increases to level 3!
Fire: 21 sling bullets
Press: ? - help, Q - select action, (/) - cycle Shift-Dir - straight line, f - orc priest
Aim: an orc priest, wielding a +0 mace (64% to hit)
You shoot a sling bullet.
The sling bullet barely misses the adder.
The sling bullet barely misses the bullfrog.
The sling bullet hits the orc priest!
The adder bites you.
* * * LOW HITPOINT WARNING * * *
😨 HP[-2]
You take 2 damage, and now have 18/42 hp.
Fire: 20 sling bullets
Press: ? - help, Q - select action, (/) - cycle Shift-Dir - straight line, f/p - orc priest
Aim: an orc priest, wielding a +0 mace (severely wounded, 64% to hit)
You shoot a sling bullet. The sling bullet misses the adder.
The sling bullet closely misses the orc priest.
The adder bites you but does no damage.
Fire: 19 sling bullets
Press: ? - help, Q - select action, (/) - cycle Shift-Dir - straight line, f/p - orc priest
Aim: an orc priest, wielding a +0 mace (severely wounded, 64% to hit)
You shoot a sling bullet. The sling bullet hits the adder!
The adder completely misses you.
Fire: 18 sling bullets
Press: ? - help, Q - select action, (/) - cycle Shift-Dir - straight line, f/p - orc priest
Aim: an orc priest, wielding a +0 mace (severely wounded, 64% to hit)
You shoot a sling bullet.
The sling bullet barely misses the adder.
The sling bullet hits the orc priest!
You kill the orc priest!
Okawaru accepts your kill. You block the adder's attack.
Fire: 17 sling bullets
Press: ? - help, Q - select action, (/) - cycle Shift-Dir - straight line, f - adder
Aim: an adder (severely wounded, 48% to hit)
You shoot a sling bullet. The sling bullet hits the adder!
You kill the adder!
Okawaru accepts your kill.
Fire: 16 sling bullets
Press: ? - help, Q - select action, (/) - cycle Shift-Dir - straight line, f - bullfrog
Aim: a bullfrog (58% to hit)
You shoot a sling bullet. The sling bullet hits the bullfrog.
The bullfrog barely misses you.
The bullfrog closely misses you. 😨 HP[+1] Unknown command.
b - a +0 short sword (weapon)
The bullfrog closely misses you.
You are too injured to fight recklessly!
You hit the bullfrog but do no damage. The bullfrog closely misses you.
You closely miss the bullfrog. The bullfrog hits you.
* * * LOW HITPOINT WARNING * * *
😨 HP[-5]
You take 5 damage, and now have 14/42 hp.
You hit the bullfrog. The bullfrog hits you.
* * * LOW HITPOINT WARNING * * *
You block the bullfrog's attack. 😨 HP[-3]
You take 3 damage, and now have 11/42 hp.
You hit the bullfrog. The bullfrog closely misses you.
You closely miss the bullfrog. The bullfrog misses you.
The bullfrog snags a nearby fly with its tongue.
The bullfrog barely misses you.
You closely miss the bullfrog. You block the bullfrog's attack.
You barely miss the bullfrog. The bullfrog misses you. The bullfrog hits you.
* * * LOW HITPOINT WARNING * * *
😱 HP[-4]
You take 4 damage, and now have 7/42 hp.
You hit the bullfrog. You block the bullfrog's attack.
You closely miss the bullfrog. The bullfrog barely misses you.
The bullfrog misses you.
You aren't carrying any items that you can evoke.
You closely miss the bullfrog.
The bullfrog hits you but does no damage.
You hit the bullfrog.
You kill the bullfrog!
Okawaru accepts your kill. Something hits you.
* * * LOW HITPOINT WARNING * * *
Your Invocations skill increases to level 1!
You have reached level 7! 😱 HP[-2] MP[+1]
You now have 46 max hp (+4).
Your mp is fully restored (7).
You fade into invisibility!
Something hits you.
You die...

Skill      XL: |  1  2  3  4  5  6 |
---------------+-------------------+-----
Slings         | 6 7 |  7.2
Fighting       | 2 3 |  3.2
Short Blades   | 1 2 3 |  3.2
Armour         | 1 2 |  2.9
Dodging        | 3 |  3.9
Invocations    | 1 |  1.1
Stealth        | |  1.1

Action                   |  1- 3 |  4- 6 |  7- 9 || total
-------------------------+-------+-------+-------++-------
Melee: Short sword       |    42 |    80 |       ||   122
 Fire: Hunting sling     |    48 |    62 |       ||   110
Throw: Stone             |       |     1 |       ||     1
       Dart              |       |    19 |       ||    19
  Use: Scroll            |       |     6 |       ||     6
       Potion            |       |     1 |     1 ||     2
 Stab: Sleeping          |     1 |       |       ||     1
Armor: Leather armour    |     5 |    13 |       ||    18
Dodge: Dodged            |    26 |    60 |       ||    86
Block: Other             |     6 |    21 |       ||    27
       Reflection        |     1 |     3 |       ||     4

Levels and vault maps discovered:
D:1:      matt_arrival_spirals, layout_basic, serial_forest,
          infiniplex_forest_lined_3_way, infiniplex_forest_clump_diagonal,
          infiniplex_forest_end_2, infiniplex_forest_lined_corner,
          minmay_misc_feat_hallway, corexii_hall_statues_i
D:2:      layout_loops_cross
D:3:      layout_loops_ring, kennysheep_decorative_pillar
D:4:      layout_loops_ring, minmay_temple_entry_sparse_star
Temple:   nicolae_temple_the_god_donut

Notes
Turn   | Place    | Note
-------+----------+-------------------------------------------
     0 | D:1      | phalm the Halfling Hunter began the quest for the Orb.
     0 | D:1      | Reached XP level 1. HP: 14/14 MP: 1/1
     0 | D:1      | magus.rc [v1.9.10]
   124 | D:1      | Reached XP level 2. HP: 19/19 MP: 2/2
   145 | D:1      | Reached skill level 6 in Slings
   210 | D:1      | Reached skill level 2 in Fighting
   454 | D:1      | Reached skill level 1 in Short Blades
   595 | D:1      | Reached XP level 3. HP: 21/24 MP: 3/3
   764 | D:1      | Reached skill level 1 in Armour
   847 | D:2      | You pick up a book of Misfortune and begin reading...
   847 | D:2      | You add the spells Confusing Touch, Gell's Gravitas,
                  | Petrify, Metabolic Englaciation and Yara's Violent
                  | Unravelling to your library.
  1088 | D:2      | Reached XP level 4. HP: 24/29 MP: 4/4
  2007 | D:3      | Reached skill level 2 in Short Blades
  2007 | D:3      | Reached skill level 3 in Dodging
  2007 | D:3      | Reached XP level 5. HP: 35/35 MP: 5/5
  2143 | D:3      | Reached skill level 2 in Armour
  2753 | D:4      | Reached XP level 6. HP: 40/41 MP: 6/6
  2761 | D:4      | Found a staircase to the Ecumenical Temple.
  2778 | Temple   | Entered the Ecumenical Temple
  2807 | Temple   | Became a worshipper of Warmaster Okawaru
  3134 | D:4      | Reached skill level 3 in Fighting
  3135 | D:4      | Reached skill level 7 in Slings
  3144 | D:4      | Reached skill level 3 in Short Blades
  3157 | D:4      | HP: 7/42 [bullfrog (5)]
  3162 | D:4      | HP: 4/42 [something (3)]
  3163 | D:4      | Reached skill level 1 in Invocations
  3163 | D:4      | Reached XP level 7. HP: 5/46 MP: 7/7
  3163 | D:4      | Slain by an orc wizard

Vanquished Creatures
  A bullfrog (D:4)
  A scorpion (D:4)
  An orc wizard (D:4)
  A bullfrog skeleton (D:4)
  3 orc priests
  A worker ant (D:4)
  5 adders
  3 worms
  5 dart slugs
  2 leopard geckos
  5 orcs
  6 bats
  7 goblins
  5 hobgoblins
  4 jackals (D:2)
  A quokka (D:3)
  3 frilled lizards
  3 kobolds
  A leopard gecko skeleton (D:4)
  8 rats
66 creatures vanquished.

Table legend:
 A = Non-vault XP
 B = Vault XP
 C = Vault XP percentage of total XP
 D = Non-vault monster count
 E = Vault monster count
 F = Vault count percentage of total count
                 A         B        C        D         E       F
            +---------+---------+-------+---------+---------+-------
      Total |     584 |       0 |   0.0 |      66 |       0 |   0.0
            +---------+---------+-------+---------+---------+-------
        D:1 |      31 |       0 |   0.0 |      15 |       0 |   0.0
        D:2 |      54 |       0 |   0.0 |      20 |       0 |   0.0
        D:3 |     105 |       0 |   0.0 |      19 |       0 |   0.0
        D:4 |     394 |       0 |   0.0 |      12 |       0 |   0.0
            +---------+---------+-------+---------+---------+-------

Illustrated notes

Table legend:
 A = Kills in this place as a percentage of kills in entire the game.
 B = Kills by you in this place as a percentage of kills by you in the entire game.
 C = Kills by friends in this place as a percentage of kills by friends in the entire game.
 D = Other kills in this place as a percentage of other kills in the entire game.
 E = Experience gained in this place as a percentage of experience gained in the entire game.
 F = Experience gained in this place divided by the number of levels of this place that you have seen.
                   A       B       C       D       E      F
               +-------+-------+-------+-------+-------+----------------------
         Total | 100.0 | 100.0 |   N/A |   N/A | 100.0 | 116.8
       Dungeon | 100.0 | 100.0 |   N/A |   N/A | 100.0 | 146.0
               +-------+-------+-------+-------+-------+----------------------

Table legend: (Time is in decaauts)
 A = Elapsed time spent in this place.
 B = Non-inter-level travel time spent in this place.
 C = Inter-level travel time spent in this place.
 D = Time resting spent in this place.
 E = Time spent auto-exploring this place.
 F = Levels seen in this place.
 G = Mean time per level.
                   A        B        C        D        E       F      G
               +--------+--------+--------+--------+--------+-----+--------+
         Total |   3127 |   3012 |    115 |      0 |   2565 |   5 |  625.4 |
       Dungeon |   2825 |   2739 |     86 |      0 |   2299 |   4 |  706.2 |
        Temple |    302 |    273 |     29 |      0 |    266 |   1 |  302.0 |
               +--------+--------+--------+--------+--------+-----+--------+

Top non-repeatable levels by time:
     D:3: 852 daAuts
     D:2: 848 daAuts
     D:1: 798 daAuts
     D:4: 325 daAuts
  Temple: 302 daAuts
